 Dungeon Crawl Stone Soup version 0.18.1-48-g4cf74bf (webtiles) character file.

3679 Qew7 the Protected (level 9, -3/72 HPs)
             Began as a Demonspawn Berserker on Aug 21, 2016.
             Was an Elder of Trog.
             Slain by a hell hog (9 damage)
             ... on level 1 of the Abyss.
             The game lasted 00:37:00 (5401 turns).

Qew7 the Protected (Demonspawn Berserker)           Turns: 5401, Time: 00:37:01

Health: -3/72      AC: 17    Str: 23    XL:     9   Next: 90%
Magic:  18/18      EV:  9    Int:  9    God:    Trog [****..]
Gold:   556        SH:  0    Dex: 18    Spells: 0 memorised, 8 levels left

rFire  + . .     SeeInvis .     H - +1 hand axe (drain)
rCold  . . .     Gourm    +     E - +0 plate armour
rNeg   . . .     Faith    .     (no shield)
rPois  .         Spirit   .     (no helmet)
rElec  .         Dismiss  .     o - +1 cloak
rCorr  +         Reflect  .     (no gloves)
SustAt .         Harm     .     l - +0 pair of boots {Fly}
MR     .....                    L - amulet of Fragile Peace {Gourm MP+9 Str+2}
Stlth  ..........               F - ring of protection from fire
                                j - ring of resist corrosion

@: flying, not resistant to hostile enchantments, extremely unstealthy
A: claws 1, thin skeletal structure 3, powered by death 1, spiny 1
a: Berserk, Trog's Hand, Brothers in Arms, Burn Spellbooks, Renounce Religion,
Stop Flying


You were on level 1 of the Abyss.
You worshipped Trog.
Trog was greatly pleased with you.
You were not hungry.

You visited 1 branch of the dungeon, and saw 8 of its levels.
You visited the Abyss 1 time.

You collected 556 gold pieces.

Inventory:

Hand Weapons
 a - a +1 hand axe
 n - a +2 quarterstaff of chaos
 H - a +1 hand axe of draining (weapon)
Armour
 k - a +2 pair of boots
 l - a +0 pair of boots of flying (worn)
 o - a +1 cloak (worn)
 E - a +0 plate armour (worn)
 M - a fire dragon hide
Jewellery
 j - a ring of resist corrosion (left claw)
 t - an uncursed ring of resist corrosion
 v - an uncursed ring of loudness
 F - a ring of protection from fire (right claw)
 J - an uncursed ring of fire
 L - the amulet of Fragile Peace (around neck) {Gourm MP+9 Str+2}
   (You found it on level 7 of the Dungeon)

   [amulet of the gourmand]

   It allows you to eat raw meat even when not hungry.
   It affects your strength (+2).
   It affects your magic capacity (+9).
Wands
 D - a wand of lightning (9/15)
 I - a wand of flame (12/48)
 N - a wand of confusion (37/48)
Scrolls
 b - 2 scrolls of remove curse
 h - 2 scrolls of enchant armour {unknown}
 q - a scroll of magic mapping
 y - 2 scrolls of blinking {unknown}
 G - a scroll of vulnerability {unknown}
Potions
 d - 2 potions of might {unknown}
 e - a potion of cancellation {unknown}
 g - a potion of heal wounds
 i - 2 potions of lignification {unknown}
 m - a potion of haste {unknown}
 p - 4 potions of curing
 r - a potion of resistance {unknown}
 u - a potion of brilliance {unknown}
 w - 2 potions of cure mutation {unknown}
 x - a potion of invisibility {unknown}
 z - a potion of agility {unknown}
 K - a potion of magic {unknown}
Comestibles
 c - 8 bread rations
 f - 4 meat rations
 s - a slice of pizza
 A - a beef jerky
 B - 2 fruits
 C - 2 royal jellies


   Skills:
 + Level 7.6 Fighting
 + Level 7.4 Axes
 + Level 8.1 Armour
 + Level 4.6 Dodging


You had 8 spell levels left.
You didn't know any spells.

Dungeon Overview and Level Annotations

Branches:
Dungeon (8/15)             Temple (0/1) D:5
   Lair: D:8-11

Altars:
Dithmenos
Fedhas
Kikubaaqudgha
Nemelex Xobeh
Qazlal
Ru
Sif Muna
Vehumet
Xom
Zin

Annotations:
D:8 Erolcha; smzp's ghost, novice DsFE


Innate Abilities, Weirdness & Mutations

You have sharp fingernails.
You have an unnaturally thin skeletal structure (Dex +6, Stealth++).
You regenerate a little health from kills.
You are partially covered in sharp spines.


Message History

The ynoxinul gestures.
The hell hog barely misses you.
A smoke demon comes into view.
The hell hog breathes fire at you.
The fireball explodes!
The fireball engulfs you! You resist.
* * * LOW HITPOINT WARNING * * *
The ufetubus is struck by your spines.
The ufetubus hits you but does no damage.
The ufetubus misses you.
The smoke demon is struck by your spines.
The smoke demon closely misses you. The smoke demon hits you.
* * * LOW HITPOINT WARNING * * *
The smoke demon hits you but does no damage.
The ufetubus completely misses you. The ufetubus barely misses you.
A small abomination comes into view.
You closely miss the hell hog.
The hell hog is heavily wounded.
You feel less regenerative. The hell hog bites you!
You die...

# # ###x .#
..§# .#
#..### .#
#.#..#.# #
#.#@..# # #
#####h#####
.. #..3..R.#
#......####§#
. ##..#. ##§#
##.##§.##5# #
# .#. ..§#
#5##.# # # .#
....#35..# .
. . ##5##.#


You could see a hell hog, a smoke demon and a small abomination.

Vanquished Creatures
  A hell hog (Abyss:1)
  A troll (D:8)
  3 blink frogs (Abyss:1)
  A hippogriff (D:8)
  A chaos spawn (Abyss:1)
  A vampire mosquito (D:8)
  Duvessa (D:4)
  2 sky beasts
  3 phantoms
  An ogre (D:7)
  A centaur (D:5)
  2 giant frogs
  Dowan (D:4)
  A water moccasin skeleton (D:4)
  2 scorpions
  2 howler monkeys (D:6)
  3 crimson imps
  A wasp zombie (D:7)
  A centaur zombie (D:7)
  A giant frog zombie (D:7)
  A hound (D:6)
  A quasit (D:6)
  An orc priest (D:8)
  4 orc wizards
  A gnoll shaman (D:3)
  2 iguanas
  Crazy Yiuf (D:2)
  Jessica (D:3)
  2 worker ants
  A hound skeleton (D:4)
  2 hound zombies
  2 worker ant zombies (D:5)
  6 adders
  4 gnolls (D:3)
  A shadow imp (D:6)
  An ooze (D:1)
  2 adder skeletons (D:5)
  An adder zombie (D:6)
  A worm (D:3)
  A dart slug (D:2)
  6 giant geckos
  9 orcs
  5 bats
  6 giant cockroaches
  11 goblins
  8 hobgoblins
  2 jackals (D:5)
  5 quokkas
  A ball python (D:6)
  A giant gecko zombie (D:5)
  3 giant newts
  6 kobolds
  A quokka skeleton (D:7)
  6 rats
  2 butterflies (D:6)
138 creatures vanquished.

Notes
Turn   | Place    | Note
--------------------------------------------------------------
     0 | D:1      | Qew7 the Demonspawn Berserker began the quest for the Orb.
     0 | D:1      | Reached XP level 1. HP: 18/18 MP: 1/1
   260 | D:1      | Gained mutation: You have sharp fingernails. [demonic ancestry]
   260 | D:1      | Reached XP level 2. HP: 9/24 MP: 2/2
   832 | D:2      | Reached ** piety under Trog
   832 | D:2      | Gained mutation: You are partially covered in sharp spines. [demonic ancestry]
   832 | D:2      | Reached XP level 3. HP: 29/29 MP: 3/3
   868 | D:2      | Reached skill level 2 in Armour
   951 | D:2      | Found an ancient bone altar of Kikubaaqudgha.
  1130 | D:2      | Noticed Crazy Yiuf
  1139 | D:2      | Killed Crazy Yiuf
  1139 | D:2      | Gained mutation: You regenerate a little health from kills. [demonic ancestry]
  1139 | D:2      | Reached XP level 4. HP: 28/37 MP: 2/4
  1209 | D:2      | Found an ancient bone altar of Kikubaaqudgha.
  1337 | D:3      | Noticed Jessica
  1342 | D:3      | Killed Jessica
  1577 | D:3      | Gained mutation: You have a somewhat thin skeletal structure (Dex +2, Stealth). [demonic ancestry]
  1577 | D:3      | Reached XP level 5. HP: 42/42 MP: 5/5
  1642 | D:3      | Found a radiant altar of Vehumet.
  2231 | D:4      | Reached skill level 3 in Armour
  2231 | D:4      | Reached XP level 6. HP: 49/49 MP: 6/6
  2685 | D:4      | Noticed Duvessa
  2685 | D:4      | Noticed Dowan
  2695 | D:4      | Killed Duvessa
  2707 | D:4      | Killed Dowan
  2839 | D:4      | Gained mutation: You have a moderately thin skeletal structure (Dex +4, Stealth+). [demonic ancestry]
  2839 | D:4      | Reached XP level 7. HP: 51/55 MP: 7/7
  2876 | D:5      | Entered Level 5 of the Dungeon
  2915 | D:5      | Found a shadowy altar of Dithmenos.
  2961 | D:5      | Reached skill level 4 in Armour
  2989 | D:5      | Reached *** piety under Trog
  3169 | D:5      | Found a sparkling altar of Nemelex Xobeh.
  3186 | D:5      | Reached skill level 5 in Fighting
  3202 | D:5      | Found a staircase to the Ecumenical Temple.
  3205 | D:5      | Reached skill level 5 in Axes
  3676 | D:6      | Found a shimmering altar of Xom.
  3840 | D:6      | Gained mutation: You have an unnaturally thin skeletal structure (Dex +6, Stealth++). [demonic ancestry]
  3840 | D:6      | Reached XP level 8. HP: 58/63 MP: 8/8
  3869 | D:6      | Reached skill level 5 in Armour
  3898 | D:6      | Found a deep blue altar of Sif Muna.
  4524 | D:7      | Got a clouded jade amulet
  4525 | D:7      | Identified the amulet of Fragile Peace {Gourm MP+9 Str+2} (You found it on level 7 of the Dungeon)
  4568 | D:7      | Found a stormy altar of Qazlal.
  4569 | D:7      | Found a sacrificial altar of Ru.
  4571 | D:7      | Found a glowing silver altar of Zin.
  4573 | D:7      | Found a blossoming altar of Fedhas.
  4782 | D:7      | Reached skill level 6 in Armour
  5102 | D:8      | Noticed smzp's ghost (novice DsFE)
  5115 | D:8      | Reached XP level 9. HP: 71/71 MP: 9/9
  5126 | D:8      | Noticed a troll
  5138 | D:8      | Killed a troll
  5161 | D:8      | Reached **** piety under Trog
  5243 | D:8      | Noticed Erolcha
  5257 | D:8      | Cast into level 1 of the Abyss (Erolcha)
  5313 | Abyss:1  | Reached skill level 7 in Armour
  5355 | Abyss:1  | Noticed an efreet
  5374 | Abyss:1  | Noticed a hell hog
  5379 | Abyss:1  | Noticed a hell hog
  5390 | Abyss:1  | Killed a hell hog
  5390 | Abyss:1  | Reached skill level 8 in Armour
  5397 | Abyss:1  | Noticed a smoke demon
  5401 | Abyss:1  | Slain by a hell hog

Skill      XL: |  1  2  3  4  5  6  7  8  9 |
---------------+----------------------------+-----
Dodging        | 2 3 4 |  4.6
Axes           | 3 4 5 6 7 |  7.4
Armour         | 2 3 4 6 8 |  8.1
Fighting       | 4 5 6 7 |  7.6

Action                   |  1- 3 |  4- 6 |  7- 9 || total
-------------------------+-------+-------+-------++-------
Melee: Hand axe          |    94 |    85 |   251 ||   430
  Use: Scroll            |     5 |     6 |     2 ||    13
       Potion            |       |       |     2 ||     2
  Eat: Bread ration      |       |     2 |     1 ||     3
       Pizza             |       |       |     1 ||     1
Armor: Animal skin       |     4 |       |       ||     4
       Scale mail        |    11 |    37 |     7 ||    55
       Plate armour      |       |       |   145 ||   145
Dodge: Dodged            |    44 |    32 |   104 ||   180
